 Dungeon Crawl Stone Soup version 0.26-b1-32-g5d43845318 (webtiles) character file.

Game seed: 800639124536442169

1712 Borgoz the Skirmisher (level 9, 0/78 HPs)
             Began as a Ghoul Gladiator on Jan 13, 2021.
             Killed from afar by Harold (9 damage)
             ... with a harpoon shot
             ... on level 7 of the Dungeon.
             The game lasted 00:09:32 (8179 turns).

Borgoz the Skirmisher (Ghoul Gladiator)             Turns: 8179, Time: 00:09:33

Health: 0/78       AC: 14    Str: 19    XL:     9   Next: 4%
Magic:  8/8        EV: 10    Int:  3    God:
Gold:   418        SH:  0    Dex: 12    Spells: 8/8 levels left

rFire    . . .     SeeInvis +   v - -1 flail
rCold    + + .     Faith    .   (no shield)
rNeg     + + +     Spirit   .   f - +0 storm dragon scales
rPois    ∞         Reflect  .   c - +1 helmet
rElec    +         Harm     .   (no cloak)
rCorr    .         Rampage  .   (no gloves)
Will     .....                  (no boots)
Stlth    ..........             (no amulet)
HPRegen  0.00/turn              j - ring of see invisible
MPRegen  0.11/turn              e - ring of protection from cold

@: marked
A: claws 1, cold resistance 1, negative energy resistance 3, inhibited
regeneration, torment resistance, unbreathing
a: no special abilities


You were on level 7 of the Dungeon.
You visited 2 branches of the dungeon, and saw 9 of its levels.

You collected 418 gold pieces.

Inventory:

Hand Weapons
 a - a +0 flail
 v - a -1 flail (weapon)
Armour
 c - a +1 helmet (worn)
 f - +0 storm dragon scales (worn)
Jewellery
 e - a ring of protection from cold (right claw)
 j - a ring of see invisible (left claw)
 u - an uncursed ring of flight
Wands
 n - a wand of acid (2)
Scrolls
 g - 4 scrolls of teleportation
 i - 2 scrolls of magic mapping
 l - 2 scrolls of fog
 p - 2 scrolls of remove curse
 w - 2 scrolls of enchant armour
Potions
 h - 3 potions of brilliance
 k - 2 potions of cancellation
 m - a potion of haste
 q - 4 potions of lignification


   Skills:
 * Level 6.4 Fighting
 * Level 5.8 Maces & Flails
 - Level 1.7 Throwing
 * Level 4.9 Armour
 * Level 5.8 Dodging


You had 8 spell levels left.
You didn't know any spells.
Your spell library contained the following spells:

 Spells                   Type           Power        Failure   Level
 Animate Skeleton         Necr           0%           100%        1
 Freeze                   Ice            0%           100%        1
 Pain                     Necr           0%           100%        1
 Sting                    Tmut/Pois      0%           100%        1
 Poisonous Vapours        Pois/Air       0%           100%        2
 Frozen Ramparts          Ice            0%           100%        3
 Ignite Poison            Fire/Tmut/Pois 0%           100%        3
 Mephitic Cloud           Conj/Pois/Air  0%           100%        3
 Ozocubu's Armour         Ice            0%           100%        3
 Vampiric Draining        Necr           0%           100%        3
 Animate Dead             Necr           0%           100%        4
 Hailstorm                Conj/Ice       0%           100%        4
 Olgreb's Toxic Radiance  Pois           0%           100%        4
 Summon Ice Beast         Ice/Summ       0%           100%        4
 Agony                    Necr           0%           100%        5


Dungeon Overview and Level Annotations

Branches:
Dungeon (8/15)             Temple (1/1) D:4
   Lair: D:8-11

Altars:
Ashenzari
Cheibriados
Dithmenos
Elyvilon
Fedhas
Gozag
Hepliaklqana
Kikubaaqudgha
Makhleb
Nemelex Xobeh
Okawaru
Qazlal
Ru
Sif Muna
Trog
Uskayaw
Vehumet
Wu Jian
Xom
Yredelemnul
Zin
The Shining One

Shops:
D:4 [

Annotations:
D:4 3 runed translucent doors, inmateoo's ghost, amateur KoTm
D:7 Harold


Innate Abilities, Weirdness & Mutations

You thrive by killing the living.
You are immune to poison.
You have sharp fingernails.
Your flesh is cold resistant. (rC+)
You are immune to negative energy. (rN+++)
You do not regenerate when monsters are visible.
You are immune to unholy pain and torment.
You can survive without breathing.


Message History

Press: ? - help, Q - select action, (/) - cycle Shift-Dir - straight line, f - Harold
Aim: Harold, wielding a +2 long sword of holy wrath and wearing a +0 chain mail (lightly wounded)
You throw a throwing net. The throwing net barely misses Harold.
Harold hits you with a +2 long sword of holy wrath!
You convulse!
* * * LOW HITPOINT WARNING * * *
Unknown command.
The worker ant bites you.
* * * LOW HITPOINT WARNING * * *
The worker ant closely misses you.
As you read the scroll of fear, it crumbles to dust.
You assume a fearsome visage.
The worker ant looks frightened!
Harold resists with almost no effort.
Harold hits you with a +2 long sword of holy wrath!
* * * LOW HITPOINT WARNING * * *
You convulse.
* * * LOW HITPOINT WARNING * * *
Harold fires a harpoon shot at you. The harpoon shot hits you!
You die...

###.....####.#.#########)).......
#.......[..#.#.(.....((..>......#
#.....#)#..#B#...########(......#
#.....#.#..#.##..# #.......#
#..[..#)#.##.....# #####.......#
#######.#........####...........#
#.#.......@.....#########..
#.#...............#...#....
#.#.).)...@.....#.#.#.#.#..
#.#.......(.....#.#.#.#.#..
#######.#.............#.#.#.#.#.(
........#.............#.#.#.#.#..
###########.#.####....#.#.#.#.#..
#.......#.#...<#..#.#.#.#.#..
#.#######.#.##.##.#...#...#..
#.........#....##.#########..
#####################...........#


You could see Harold and a worker ant (fleeing).

Vanquished Creatures
  Sigmund (D:4)
  A water moccasin (D:7)
  An orc warrior (D:7)
  A centaur (D:5)
  2 ogres
  A big kobold (D:7)
  3 killer bees (D:7)
  A wight (D:7)
  6 electric eels (D:7)
  5 hounds
  A jelly (D:5)
  2 orc priests
  2 orc wizards
  2 worker ants
  A killer bee zombie (D:7)
  A hound skeleton (D:4)
  3 gnolls (D:7)
  9 adders
  A shadow imp (D:6)
  3 ufetubi
  3 oozes
  2 adder skeletons
  2 worms
  A dart slug (D:4)
  2 leopard geckos
  15 orcs
  8 bats
  8 giant cockroaches
  5 goblins
  5 hobgoblins
  3 jackals (D:1)
  8 kobolds
  8 quokkas
  4 frilled lizards
  4 rats
125 creatures vanquished.

Vanquished Creatures (others)
  59 plants
59 creatures vanquished.

Grand Total: 184 creatures vanquished

Notes
Turn   | Place    | Note
-------+----------+-------------------------------------------
     0 | D:1      | Borgoz the Ghoul Gladiator began the quest for the Orb.
     0 | D:1      | Reached XP level 1. HP: 17/17 MP: 0/0
   245 | D:1      | Reached XP level 2. HP: 25/25 MP: 1/1
   510 | D:1      | Reached skill level 1 in Armour
   620 | D:1      | Reached XP level 3. HP: 28/30 MP: 2/2
  1023 | D:2      | Found a glowing silver altar of Zin.
  1360 | D:2      | Reached XP level 4. HP: 37/37 MP: 3/3
  1541 | D:3      | Reached skill level 3 in Fighting
  2051 | D:3      | Reached XP level 5. HP: 45/45 MP: 4/4
  2096 | D:3      | Found a snail-covered altar of Cheibriados.
  2478 | D:4      | Noticed Sigmund
  2497 | D:4      | Killed Sigmund
  2498 | D:4      | Reached XP level 6. HP: 32/52 MP: 5/5
  2771 | D:4      | Reached skill level 4 in Fighting
  3010 | D:4      | Found a runed translucent gate.
  3010 | D:4      | Found a runed translucent gate.
  3010 | D:4      | Found a runed translucent gate.
  3010 | D:4      | Noticed inmateoo's ghost (amateur KoTm)
  3163 | D:4      | Found a staircase to the Ecumenical Temple.
  3239 | D:4      | Found Noalikhlo's Armour Emporium.
  3532 | D:4      | Found a glowing golden altar of the Shining One.
  3764 | D:5      | Entered Level 5 of the Dungeon
  3814 | Temple   | Entered the Ecumenical Temple
  4128 | D:5      | You fall into a shaft and drop 1 floor!
  4244 | D:6      | Reached XP level 7. HP: 54/60 MP: 6/6
  4851 | D:5      | You fall into a shaft and drop 1 floor!
  5361 | D:6      | Reached skill level 5 in Fighting
  5619 | D:6      | Found a shimmering altar of Xom.
  5619 | D:6      | Found a glowing golden altar of the Shining One.
  5620 | D:6      | Found a stormy altar of Qazlal.
  5721 | D:6      | Found a burning altar of Makhleb.
  5722 | D:6      | Found an iron altar of Okawaru.
  5866 | D:7      | Reached XP level 8. HP: 57/68 MP: 7/7
  5877 | D:7      | Reached skill level 5 in Maces & Flails
  5877 | D:7      | Reached skill level 5 in Dodging
  6944 | D:7      | Reached skill level 6 in Fighting
  7535 | D:7      | Reached XP level 9. HP: 62/77 MP: 8/8
  7641 | D:8      | Noticed Harold
  7641 | D:8      | Noticed a hornet
  8179 | D:7      | Killed from afar by Harold

Illustrated notes

Levels and vault maps discovered:
D:1:      minmay_arrival_stair_chambers, layout_basic,
          chequers_serial_rivers_room_b, minmay_tetromino_s4
D:2:      wad_woods_stonehenge, layout_basic
D:3:      layout_loops_corners, cheibriados_altar_1
D:4:      layout_layer_cave, temple_green, gammafunk_ghost_necromancy,
          serial_shops, kennysheep_mini_moat, hangedman_decor_peaks_small,
          nicolae_tso_carved_into_rock, uniq_sigmund
D:5:      layout_gridville
D:6:      layout_basic, nicolae_overflow_hidden_temple
D:7:      cheibrodos_two_vegetables, layout_basic, minivault_27
D:8:      layout_rooms, st_stairs_1, uniq_erica, uniq_harold
Temple:   nicolae_temple_elliptical

Skill      XL: |  1  2  3  4  5  6  7  8 |
---------------+-------------------------+-----
Armour         | 1 2 3 4 |  4.9
Maces & Flails | 3 4 5 |  5.8
Dodging        | 3 4 5 |  5.8
Fighting       | 3 4 5 6 |  6.4
Throwing       | |  1.7

Action                   |  1- 3 |  4- 6 |  7- 9 || total
-------------------------+-------+-------+-------++-------
Melee: Flail             |   120 |   145 |   354 ||   619
Throw: Throwing net      |       |     3 |     2 ||     5
Evoke: Wand              |       |       |    10 ||    10
  Use: Scroll            |     1 |    12 |     3 ||    16
       Potion            |       |     1 |    11 ||    12
Armor: Leather armour    |    37 |    14 |       ||    51
       Storm dragon scal |       |    77 |   348 ||   425
Dodge: Dodged            |   111 |   102 |   300 ||   513
